 Dungeon Crawl Stone Soup version 0.21.1-1-g345015fe64 (webtiles) character file.

187 LevaFresel the Bolt Thrower (level 5, -1/32 HPs)
             Began as a Kobold Hunter on June 9, 2018.
             Slain by an elf skeleton (4 damage)
             ... on level 4 of the Dungeon.
             The game lasted 00:13:19 (2824 turns).

LevaFresel the Bolt Thrower (Kobold Hunter)         Turns: 2824, Time: 00:13:20

Health: -1/32      AC:  5    Str: 10    XL:     5   Next: 99%
Magic:  5/5        EV: 15    Int: 13    God:
Gold:   148        SH:  0    Dex: 15    Spells: 4/4 levels left

rFire    . . .     SeeInvis .   a - +1 hand crossbow
rCold    . . .     Gourm    .   (shield restricted)
rNeg     . . .     Faith    .   c - +0 leather armour
rPois    .         Spirit   .   (no helmet)
rElec    .         Reflect  .   (no cloak)
rCorr    .         Harm     .   l - +1 pair of gloves
MR       .....                  (no boots)
Stlth    ++........             (no amulet)
HPRegen  0.10/turn              (no ring)
MPRegen  0.09/turn              (no ring)

@: no status effects
A: small, carnivore
a: no special abilities


You were on level 4 of the Dungeon.
You were very full.

You visited 1 branch of the dungeon, and saw 4 of its levels.

You collected 148 gold pieces.

Inventory:

Hand Weapons
 a - a +1 hand crossbow (weapon)
 b - a +0 short sword
 q - a +1 mace of protection
Missiles
 d - 54 bolts (quivered)
Armour
 c - a +0 leather armour (worn)
 l - a +1 pair of gloves (worn)
Scrolls
 e - 2 scrolls of fear {unknown}
 g - a scroll of enchant weapon {unknown}
 i - 2 scrolls of identify
 k - 2 scrolls of remove curse {unknown}
 m - a scroll of noise {unknown}
 n - 4 scrolls of amnesia
 p - a scroll of teleportation {unknown}
 u - a scroll of enchant armour {unknown}
 v - 2 scrolls of immolation {unknown}
Potions
 h - a potion of might {unknown}
 j - a potion of agility {unknown}
 o - a potion of lignification {unknown}
 r - a potion of flight {unknown}
 t - a potion of degeneration {unknown}
 w - a potion of curing {unknown}
Comestibles
 f - 7 rations


   Skills:
 + Level 3.2 Fighting
 + Level 2.3 Short Blades
 * Level 6.0 Crossbows
 + Level 1.3 Armour
 + Level 3.5 Dodging
 - Level 2.0 Stealth


You had 4 spell levels left.
You didn't know any spells.

Dungeon Overview and Level Annotations

Branches:
Dungeon (4/15)
 Temple: D:4-7

Altars:
Hepliaklqana
Ru


Innate Abilities, Weirdness & Mutations

You are small and have problems with some larger weapons.
You are carnivorous and can eat meat at any time.


Message History

Firing (i - inventory):
d - 57 bolts (quivered)
Press: ? - help, Shift-Dir - straight line, f/p - elf skeleton
Aim: an elf skeleton (lightly damaged)
You shoot a bolt. The bolt hits the elf skeleton.
The elf skeleton is lightly damaged.
The elf skeleton hits you!
* * * LOW HITPOINT WARNING * * *
Firing (i - inventory):
d - 56 bolts (quivered)
Press: ? - help, Shift-Dir - straight line, f/p - elf skeleton
Aim: an elf skeleton (lightly damaged)
You shoot a bolt. The bolt hits the elf skeleton!
The elf skeleton is heavily damaged.
The elf skeleton hits you but does no damage.
Firing (i - inventory):
d - 55 bolts (quivered)
Press: ? - help, Shift-Dir - straight line, f/p - elf skeleton
Aim: an elf skeleton (heavily damaged)
You shoot a bolt. The bolt hits the elf skeleton.
The elf skeleton is heavily damaged.
The elf skeleton hits you.
You die...

..$# ########.......#.#
.##..###............###.#
.%...................#<.#
#.............).##.#.###
#.....#########.##.....#
#.....'...# ######.#.###
#..######'#+#
######.#...# #.. #.Z...+
#......###.. #. #@..#
#.####.# #.. .. #.'...+
### #.# ##. # ###+#+# #.#
#. ##.# #. ###..####.
#...###... #.......#.
#...###### #####


You could see an elf skeleton.

Vanquished Creatures
  A human skeleton (D:4)
  4 gnolls
  A howler monkey skeleton (D:4)
  4 adders
  2 oozes
  2 dart slugs
  2 leopard geckos (D:1)
  A giant cockroach (D:1)
  14 goblins
  6 hobgoblins
  13 kobolds
  A ball python (D:1)
  7 bats
  3 frilled lizards
  9 rats
70 creatures vanquished.

Notes
Turn   | Place    | Note
-------+----------+-------------------------------------------
     0 | D:1      | LevaFresel the Kobold Hunter began the quest for the Orb.
     0 | D:1      | Reached XP level 1. HP: 12/12 MP: 1/1
    19 | D:1      | Reached skill level 5 in Crossbows
    19 | D:1      | Reached XP level 2. HP: 18/18 MP: 2/2
   261 | D:2      | Reached XP level 3. HP: 22/22 MP: 3/3
  1050 | D:1      | Reached skill level 1 in Short Blades
  1141 | D:1      | Reached XP level 4. HP: 27/27 MP: 4/4
  1571 | D:2      | Reached skill level 1 in Armour
  1571 | D:2      | Reached XP level 5. HP: 19/32 MP: 5/5
  1897 | D:2      | Found a hazy altar of Hepliaklqana.
  2024 | D:2      | Found a sacrificial altar of Ru.
  2732 | D:4      | Reached skill level 6 in Crossbows
  2824 | D:4      | Slain by an elf skeleton

Skill      XL: |  1  2  3  4  5 |
---------------+----------------+-----
Crossbows      | 5 6 |  6.0
Stealth        | 2 |  2.0
Dodging        | 3 |  3.5
Short Blades   | 1 2 |  2.3
Armour         | 1 |  1.3
Fighting       | 3 |  3.2

Action                   |  1- 3 |  4- 6 || total
-------------------------+-------+-------++-------
Melee: Short sword       |    83 |   130 ||   213
 Fire: Hand crossbow     |    11 |    35 ||    46
  Use: Scroll            |       |     4 ||     4
 Stab: Sleeping          |     1 |     4 ||     5
  Eat: Chunk             |     9 |     5 ||    14
Armor: Leather armour    |    11 |    37 ||    48
Dodge: Dodged            |    49 |    97 ||   146
